Minoru, lawful male human Samurai ## ------- -----------------------------------# |...... |..............*...............))..## -------- |.....| |.................................|##@#|......| |...<..# |..------------.....------------..|`##P|......| |.....|# |..|*%+|...|..|.....|..|(((|[..|..|# #.......| -------# |..|%%?|...|..|.....+))|(((|...|..|# |......| # |..|**/|...|..|.....|..|...|)..|..|# -.------ # |..|...|...||--)....-----|--|---..|# ######## # #...--|--|---......................|# # # ###|..............{......{...........|# ### # # |..--|---|--....--|---............|############# # # ### |..|...|...|---.|....|.-----|---..| -----.-.- ## # |..|(((|...|..|.|....|.|..|....|... |.......| #------# |..|(((|...|..-.|.._.|.-..|.(..|..| |.......| #......## |..|(((|...|..|.|...)|.|..|....|..| |.......| |..>.|# |..------------.------.---------..| --------- |..... +.................................| ------ |.................................| ----------------------------------- Minoru the Ninja Experience level: 6 Strength: 18 Dexterity: 15 Constitution: 18 Intelligence: 8 Wisdom: 9 Charisma: 8 Health: 0(69) Energy: 22(22) Def: 8 Gold: 409 Moves: 2037 Dungeon seed: 4_Xrx_0hKiEBW2fd Game ID: Minoru_1528741883 Your Inventory: Coins $ - 409 gold pieces Weapons a - an uncursed +0 katana (weapon in hand) b - an uncursed +2 wakizashi c - a blessed +1 yumi (alternate weapon; not wielded) d - 21 blessed +0 ya g - 12 uncursed +0 shuriken s - a blessed +0 arrow u - 41 blessed +5 arrows w - an uncursed +0 arrow J - 4 blessed +4 arrows K - 13 uncursed +1 arrows (in quiver) Armor e - an uncursed rustproof +0 splint mail (being worn) q - an uncursed +0 pair of low boots (being worn) M - an uncursed +0 orcish helm (being worn) Y - an uncursed +0 dwarvish cloak (being worn) Comestibles o - 2 uncursed tripe rations G - an uncursed clove of garlic Scrolls i - 2 uncursed scrolls of identify l - 2 uncursed scrolls of remove curse v - a cursed scroll of enchant armor B - a cursed scroll of remove curse D - a cursed scroll of identify E - a cursed scroll of magic mapping U - an uncursed scroll of create monster V - an uncursed scroll of water W - an uncursed scroll of teleportation Potions L - 2 uncursed potions of healing P - an uncursed potion of speed R - an uncursed potion of acid Wands f - an uncursed wand of probing (0:3) h - an uncursed wand of make invisible named cancel (0:5) j - an uncursed wand of undead turning named locking/opening/undead turn/nothing/detection/canceled (0:3) x - a cursed wand of enlightenment (0:11) A - a cursed wand of striking (0:0) F - an uncursed wand of striking (0:1) I - a cursed wand of nothing (0:7) T - an uncursed wand of fire (0:5) Tools m - an uncursed skeleton key p - an uncursed oil lamp (0:1128) C - an uncursed osaku O - a cursed magic lamp Q - an uncursed skeleton key S - an uncursed skeleton key Gems k - an uncursed jasper n - an uncursed aquamarine r - 2 uncursed worthless pieces of violet glass y - an uncursed chrysoberyl z - an uncursed worthless piece of black glass N - an uncursed worthless piece of green glass X - an uncursed worthless piece of orange glass Z - 2 uncursed worthless pieces of red glass Spells and supernatural/magical abilities: Name Level Category Fail Memory W - pray for help -- divine ? -- Your skills at the end: Miscellaneous Skills martial arts [Basic] wands [Basic] stealth [Basic] Weapon Skills short sword [Basic] long sword [Skilled] bow [Basic] shuriken [Basic] Spellcasting Skills Final Attributes: You were fervently aligned. Your writing hand was cramped from overuse. You were somewhat stealthy. You were fast. You were lucky. You are dead. Vanquished creatures: a ghost a large cat a giant beetle 2 gnome kings 3 brown puddings a dingo a blue jelly a gnome mummy a shrieker 5 gnome lords a kobold mummy a red naga hatchling a puppy a kitten 2 dwarves 8 quasits a rabid rat a centipede a giant bat a monkey a gas spore 2 hobbits 2 cave spiders a yellow mold a red mold 22 gnomes a gnome zombie a jackal a kobold 2 newts 4 goblins a sewer rat a grid bug 2 lichens 2 kobold zombies 79 creatures vanquished. Voluntary challenges: You did not adorn yourself with jewelry or accessories. You did not cause conflict. You were not invisible. You did not have reflection. You were not displaced. You had been an atheist until turn 1839. You used a wielded weapon 108 times, starting on turn 1. You did not apply a unicorn horn. You did not use plumbed fixtures. You did not drink any magical draughts. You read items or engraved 4 times, starting on turn 6. You never genocided any monsters. You never polymorphed an object. You never changed form. You used no wishes. You split 3 puddings, starting on turn 1869. You never wrote Elbereth's name. You never violatedbushido. Dungeon overview: The Dungeons of Doom: levels 1 to 2 Level 1 a long staircase Level 2 stairs to The Gnomish Mines The Gnomish Mines: levels 3 to 7 Level 3 (grave of Fleur) stairs to The Dungeons of Doom Level 4 Level 5 Level 6 <- You were here some shops, a temple to Amaterasu Omikami, a magic chest, some fountains Level 7 History has recorded: On T:1 you entered the Dungeons of Doom to retrieve the Amulet of Yendor! On T:207 you reached level 2 of The Dungeons of Doom. On T:326 you advanced to experience level 2. On T:339 you reached level 1 of The Gnomish Mines. On T:812 you advanced to experience level 3. On T:836 you advanced to experience level 4. On T:861 you reached level 2 of The Gnomish Mines. On T:1048 you advanced to experience level 5. On T:1086 you reached level 3 of The Gnomish Mines. On T:1398 you advanced to experience level 6. On T:1545 you reached level 4 of The Gnomish Mines. On T:1762 you reached level 5 of The Gnomish Mines. On T:1794 you advanced to experience level 7. On T:1836 you entered the Minetown temple On T:1928 you opened a magic chest. Score breakdown: Gold: 409 ( 40 points) Experience: 6 levels ( 500 points) Exploration: 7 levels ( 180 points) Discoveries: 27 items ( 1350 points) Variety of kills: 35 monsters ( 1750 points) Major goal: reached Minetown ( 500 points) Survival: died (score multiplied by 3) Total score: 12960 Latest messages: The arrow misses the blood pudding. The arrow misses the blood pudding. You have no ammunition readied! h - an uncursed spiked wand named cancel (in quiver). You fill your quiver: h - an uncursed spiked wand named cancel (in quiver). You now have no ammunition readied. K - 13 uncursed arrows (in quiver). The arrow misses the blood pudding. There is a doorway here. There are a few objects here. K - an uncursed arrow (in quiver). w - an uncursed arrow. The blood pudding bites! Sayonara level 7. You are empty handed. c - a blessed +1 yumi (alternate weapon; not wielded). You are now wielding your katana. The blood pudding bites! You die... Final status: Sayonara Minoru the Samurai, killed by a blood pudding... You died in The Gnomish Mines on dungeon level 6 with 12960 points, and 409 pieces of gold, after 2037 moves. You were level 6 with a maximum of 69 hit points when you died.